 Dungeon Crawl Stone Soup version 0.31-a0-344-gd109795599 (webtiles) character file.

Game seed: 15345094718795834870

113 MacCMillion the Ruffian (level 4, -3/40 HPs)
             Began as a Troll Shapeshifter on July 22, 2023.
             Killed by divine providence
             ... invoked by an orc priest
              (13 damage)
             ... on level 3 of the Dungeon.
             The game lasted 00:03:39 (2102 turns).

MacCMillion the Ruffian (Troll Shapeshifter)        Turns: 2102, Time: 00:03:40

Health: -3/40      AC:  4    Str: 25    XL:     4   Next: 65%
Magic:  3/3        EV:  9    Int:  4    God:
Gold:   128        SH:  0    Dex: 10    Spells: 3/3 levels left

rFire   . .          .
                       - Unarmed
rCold   . . .        (no shield)
rNeg    . . .        a - +0 animal skin
rPois   .            (helmet currently unavailable)
rElec   .            (cloak currently unavailable)
rCorr   .            (gloves unavailable)
SInv    .            (boots unavailable)
Will    .....        (no amulet)
Stlth   +            (no ring)
HPRegen 1.06/turn    (no ring)
MPRegen 0.08/turn

%: no passive effects
@: beast-form
A: beast (slay +2), large, unfitting armour, claws 3, regeneration 1, shaggy fur
1, tough skin 1
a: Begin Untransformation


You were on level 3 of the Dungeon.
You were a hulking beast.
You visited 1 branch of the dungeon, and saw 3 of its levels.

You collected 128 gold pieces.

Inventory:

Armour
 a - a +0 animal skin (worn)
 i - a +0 cloak
 q - an orb of light
Talismans
 c - a beast talisman
Wands
 n - a wand of polymorph (10)
Scrolls
 g - 5 scrolls of identify {unknown}
 h - a scroll of vulnerability {unknown}
 l - a scroll of amnesia {unknown}
 m - a scroll of teleportation {unknown}
 r - a scroll of poison {unknown}
 t - 2 scrolls of fear {unknown}
Potions
 b - 4 potions of lignification
 d - a potion of haste {unknown}
 e - 2 potions of curing {unknown}
 f - 2 potions of berserk rage {unknown}
 j - a potion of attraction {unknown}
 k - a potion of cancellation {unknown}
 o - a potion of heal wounds {unknown}
 p - 2 potions of degeneration {unknown}
 s - a potion of ambrosia {unknown}


   Skills:
 - Level 0.8 Fighting
 - Level 1.6 Dodging
 + Level 5.4 Unarmed Combat
 - Level 3.0 Shapeshifting


You had 3 spell levels left.
You didn't know any spells.
Your spell library contained the following spells:

 Spells                   Type           Power      Damage    Failure   Level
 Poisonous Vapours        Pois/Air       0%         N/A       65%         2
 Mephitic Cloud           Conj/Pois/Air  0%         N/A       86%         3
 Portal Projectile        Hex/Tloc       0%         N/A       86%         3
 Summon Guardian Golem    Hex/Summ       0%         N/A       86%         3
 Freezing Cloud           Conj/Ice/Air   0%         6-21      100%        5
 Silence                  Hex/Air        0%         N/A       100%        5
 Enfeeble                 Hex            0%         N/A       100%        7


Dungeon Overview and Level Annotations

Branches:
Dungeon (3/15)

Altars:
Uskayaw


Innate Abilities, Weirdness & Mutations

You are a hulking beast.
Your limbs bulge with bestial killing power. (Slay +2)
You are too large for most types of armour.
You have claws for hands.
Your natural rate of healing is unusually fast.
You are covered in fur. (AC +1)
You have tough skin. (AC +1)


Message History

You kill the frilled lizard!
You closely miss the quokka. The quokka bites you.
You barely miss the quokka. The quokka bites you.
You scratch the quokka.
The quokka is heavily wounded.
The quokka barely misses you.
You mangle the quokka!!
You kill the quokka!
No target in view!
An orc comes into view.
It is wielding a +0 short sword and wearing a +2 chain mail of poison resistance.
An orc is nearby!
An orc wizard comes into view. It is wielding a +0 dagger.
The orc wizard shouts!
The orc shouts!
The orc wizard points at you and mumbles some strange words.
The puff of flame hits you!
An orc comes into view. It is wielding a +0 hand axe.
An orc priest comes into view. It is wielding a +0 flail.
The orc priest shouts!
The orc priest moves out of view.
The orc shouts!
The orc priest calls down the wrath of Beogh upon you.
Beogh smites you!
The orc wizard gestures at you while chanting.
You are confused.
The orc hits you with a +0 short sword.
The orc priest mumbles some strange prayers to Beogh against you.
Beogh smites you!
* * * LOW HITPOINT WARNING * * *
The orc wizard hits you with a +0 dagger.
* * * LOW HITPOINT WARNING * * *
There is a stone staircase leading up here.
The orc wizard barely misses you. The orc closely misses you.
In your confused state, you trip and fall back down the stairs.
* * * LOW HITPOINT WARNING * * *
The orc wizard gestures at you while chanting.
You resist with some effort.
You feel less confused.
The orc priest calls down the wrath of Beogh upon you.
Beogh smites you!
You die...

#.##...........#.# #.#
#.#####..##.##.#.# #.#
##.## #..##.# # # #.#
###...####..##.# #.#
##...........##.# #.####
####.........(.....#
...................##......
.#.###.# #..o.o...##.###.#
....##.# #.#ooh# .##.##.#
#.#...# .##.##.## #.....#
###.#...## #..#..####...
#..#.#.###..#.........
#..............###..##
####.#.#.###..##.###..#
....................(.#
######.######.##†>......


You could see an orc priest, an orc wizard and 2 orcs.

Vanquished Creatures
  2 adders (D:2)
  2 worms
  A dart slug (D:1)
  2 orcs (D:3)
  10 bats
  10 endoplasms
  3 giant cockroaches
  6 goblins
  9 hobgoblins
  4 jackals (D:1)
  3 quokkas
  7 ball pythons
  4 frilled lizards
  8 kobolds
  4 rats
75 creatures vanquished.

Notes
Turn   | Place    | Note
-------+----------+-------------------------------------------
     0 | D:1      | MacCMillion the Troll Shapeshifter began the quest for the
                  | Orb.
     0 | D:1      | Reached XP level 1. HP: 18/18 MP: 0/0
    63 | D:1      | Reached XP level 2. HP: 23/26 MP: 1/1
   262 | D:1      | Reached skill level 4 in Unarmed Combat
   326 | D:1      | Reached XP level 3. HP: 32/32 MP: 2/2
   362 | D:1      | Found a faded altar of an unknown god.
   899 | D:2      | Got Sif Muna's Spellbook of Beguiling
  1149 | D:2      | Reached XP level 4. HP: 40/40 MP: 3/3
  1281 | D:2      | Found a hide-covered altar of Uskayaw.
  1409 | D:2      | Reached skill level 5 in Unarmed Combat
  2102 | D:3      | Killed from afar by an orc priest

Illustrated notes

Levels and vault maps discovered:
D:1:      dpeg_arrival_more_subterranean_lakeside_camping, layout_loops_ring,
          ebering_ecumenical_altar_petrified, minmay_tall_x
D:2:      layout_loops_corners, basic_altar
D:3:      layout_loops_ring

Skill      XL: |  1  2  3  4 |
---------------+-------------+-----
Unarmed Combat | 4 5 |  5.4
Fighting       | |  0.8
Dodging        | |  1.6
Shapeshifting  | |  3.0

Action                     |  1- 3 |  4- 6 || total
---------------------------+-------+-------++-------
  Melee: Unarmed           |    86 |    57 ||   143
         Punch             |     2 |       ||     2
 Armour: Animal skin       |    33 |    18 ||    51
  Dodge: Dodged            |    30 |    19 ||    49

Table legend: (Time is in decaauts)
 A = Elapsed time spent in this place.
 B = Non-inter-level travel time spent in this place.
 C = Inter-level travel time spent in this place.
 D = Time resting spent in this place.
 E = Time spent auto-exploring this place.
 F = Levels seen in this place.
 G = Mean time per level.
                   A        B        C        D        E       F      G
               +--------+--------+--------+--------+--------+-----+--------+
         Total |   2090 |   2012 |     78 |     12 |   1600 |   3 |  696.7 |
       Dungeon |   2090 |   2012 |     78 |     12 |   1600 |   3 |  696.7 |
               +--------+--------+--------+--------+--------+-----+--------+

Top non-repeatable levels by time:
     D:2: 884 daAuts
     D:1: 797 daAuts
     D:3: 408 daAuts
